 Dungeon Crawl Stone Soup version 0.20.1-1-g8b1a95d (webtiles) character file.

111 OneorTwo the Bolt Thrower (level 5, -4/32 HPs)
             Began as a Kobold Hunter on July 30, 2017.
             Slain by Crazy Yiuf
             ... wielding a +3 quarterstaff of chaos
              (9 damage)
             ... while paralysed by Crazy Yiuf
             ... on level 2 of the Dungeon.
             The game lasted 00:09:00 (1767 turns).

OneorTwo the Bolt Thrower (Kobold Hunter)           Turns: 1767, Time: 00:09:01

Health: -4/32      AC:  9    Str: 11    XL:     5   Next: 15%
Magic:  5/5        EV:  3    Int: 12    God:
Gold:   97         SH:  0    Dex: 15    Spells: 4/4 levels left

rFire    . . .     SeeInvis .   q - +2 dagger (drain)
rCold    . . .     Gourm    .   (shield restricted)
rNeg     . . .     Faith    .   j - +0 chain mail
rPois    .         Spirit   .   (no helmet)
rElec    .         Reflect  .   (no cloak)
rCorr    .         Harm     .   o - +0 pair of gloves
MR       .....                  (no boots)
Stlth    ..........             (no amulet)
Regen    0.1/turn               (no ring)
MPRegen  0.1/turn               (no ring)

@: paralysed
A: carnivore 3
a: no special abilities


You were on level 2 of the Dungeon.
You were very full.

You visited 1 branch of the dungeon, and saw 2 of its levels.

You collected 97 gold pieces.

Inventory:

Hand Weapons
 a - a +1 hand crossbow
 q - a +2 dagger of draining (weapon)
Missiles
 d - 56 bolts
Armour
 j - a +0 chain mail (worn)
 o - a +0 pair of gloves (worn)
Wands
 h - a wand of flame (26/48)
Scrolls
 g - 2 scrolls of fog {unknown}
 i - 2 scrolls of amnesia {unknown}
 m - a scroll of enchant weapon {unknown}
 p - a scroll of remove curse {unknown}
Potions
 e - 2 potions of curing {unknown}
 n - a potion of invisibility {unknown}
Books
 c - a book of Misfortune

   Spells                             Type                      Level
   a - Confusing Touch                Hexes                        1
   b - Confuse                        Hexes                        3
   c - Gell's Gravitas                Translocation                3
   d - Petrify                        Transmutation/Earth          4
   e - Metabolic Englaciation         Hexes/Ice                    5
   f - Yara's Violent Unravelling     Hexes/Transmutation          5
Comestibles
 f - 2 meat rations
 k - 2 royal jellies


   Skills:
 + Level 3.2 Fighting
 * Level 4.5 Short Blades
 * Level 5.1 Crossbows
 - Level 2.4 Dodging
 - Level 1.3 Stealth


You had 4 spell levels left.
You didn't know any spells.

Dungeon Overview and Level Annotations

Branches:
Dungeon (2/15)

Altars:

Annotations:
D:2 Crazy Yiuf


Innate Abilities, Weirdness & Mutations

You are small and have problems with some larger weapons.
You are carnivorous and can eat meat at any time.


Message History

Crazy Yiuf hits you with a quarterstaff of chaos.
You barely miss Crazy Yiuf.
Crazy Yiuf is lightly wounded.
You hit Crazy Yiuf.
Crazy Yiuf is lightly wounded.
Crazy Yiuf closely misses you.
You closely miss Crazy Yiuf.
Crazy Yiuf is lightly wounded.
Crazy Yiuf hits you with a quarterstaff of chaos.
Crazy Yiuf burns you.
You hit Crazy Yiuf but do no damage.
Crazy Yiuf is lightly wounded.
Crazy Yiuf hits you with a quarterstaff of chaos!
You suddenly lose the ability to move!
Crazy Yiuf hits you but does no damage.
Crazy Yiuf laughs, "Rot!"
Crazy Yiuf hits you with a quarterstaff of chaos!
* * * LOW HITPOINT WARNING * * *
You are electrocuted!
You die...

...## # # # # # #
#### ♣♣#########
#)..#♣♣ ♣♣.#).#.....
#..g@.♣♣♣♣...........
#...#♣..♣............
#### ♣♣♣.♣..#.##.....
♣♣♣♣♣####..... #.....
##...# #.#.# #.#..
#.###


You could see Crazy Yiuf.

Vanquished Creatures
  Terence (D:2)
  5 adders (D:2)
  2 dart slugs
  2 leopard geckos (D:1)
  3 bats
  2 giant cockroaches (D:2)
  2 goblins
  2 hobgoblins (D:2)
  4 jackals (D:1)
  A quokka (D:2)
  3 frilled lizards
  A kobold (D:2)
  6 rats
34 creatures vanquished.

Notes
Turn   | Place    | Note
-------+----------+-------------------------------------------
     0 | D:1      | OneorTwo the Kobold Hunter began the quest for the Orb.
     0 | D:1      | Reached XP level 1. HP: 12/12 MP: 1/1
   202 | D:1      | Reached skill level 1 in Short Blades
   297 | D:1      | Reached XP level 2. HP: 16/18 MP: 2/2
   714 | D:2      | Noticed Terence
   715 | D:2      | Reached XP level 3. HP: 22/22 MP: 3/3
   793 | D:2      | Killed Terence
  1049 | D:2      | Reached XP level 4. HP: 23/28 MP: 4/4
  1520 | D:2      | Reached XP level 5. HP: 32/32 MP: 5/5
  1667 | D:2      | Reached skill level 5 in Crossbows
  1751 | D:2      | Found a runed door.
  1756 | D:2      | Noticed Crazy Yiuf
  1764 | D:2      | Paralysed by Crazy Yiuf for 6 turns
  1767 | D:2      | Slain by Crazy Yiuf

Skill      XL: |  1  2  3  4  5 |
---------------+----------------+-----
Short Blades   | 1 2 3 4 |  4.5
Fighting       | 3 |  3.2
Crossbows      | 5 |  5.1
Dodging        | |  2.4
Stealth        | |  1.3

Action                   |  1- 3 |  4- 6 || total
-------------------------+-------+-------++-------
Melee: Short sword       |    38 |     9 ||    47
       Dagger            |       |    25 ||    25
 Fire: Hand crossbow     |    18 |    30 ||    48
  Eat: Chunk             |     8 |     2 ||    10
Armor: Scale mail        |    11 |       ||    11
       Chain mail        |     7 |    29 ||    36
Dodge: Dodged            |    17 |    13 ||    30
